 Dungeon Crawl Stone Soup version 0.31-a0-236-g9a0961fb85 (webtiles) character file.

Game seed: 6946219650288276285

103 qw the Shooter (level 4, 0/26 HPs)
             Began as a Gargoyle Hexslinger on July 10, 2023.
             Slain by a goblin
             ... wielding a +0 dagger
             ... led by Robin
              (5 damage)
             ... on level 3 of the Dungeon.
             The game lasted 00:00:41 (1678 turns).

qw the Shooter (Gargoyle Hexslinger)                Turns: 1678, Time: 00:00:42

Health: 0/26       AC:  8    Str: 12    XL:     4   Next: 79%
Magic:  5/5        EV: 10    Int: 13    God:
Gold:   186        SH:  0    Dex: 14    Spells: 4/5 levels left

rFire   . . .        Y - +1 sling
rCold   . . .        (no shield)
rNeg    + . .        b - +0 ring mail
rPois   inf          (no helmet)
rElec   +            (no cloak)
rCorr   .            (no gloves)
SInv    .            (no boots)
Will    .....        (no amulet)
Stlth   +            (no ring)
HPRegen 0.24/turn    (no ring)
MPRegen 0.09/turn

%: no passive effects
@: no status effects
A: sickness immunity, AC +3, negative energy resistance 1, electricity
resistance, torment resistance 1, petrification resistance
a: no special abilities


You were on level 3 of the Dungeon.
You visited 1 branch of the dungeon, and saw 3 of its levels.

You collected 186 gold pieces.


Innate Abilities, Weirdness & Mutations

You are immune to sickness and miasma.
Your stone body is resilient. (AC +3)
You are immune to poison.
You resist negative energy. (rN+)
You are resistant to electric shocks. (rElec)
You are resistant to unholy torment.
You are immune to petrification.


   Skills:
 - Level 2.0 Fighting
 + Level 4.1 Ranged Weapons
 - Level 1.6 Armour
 - Level 1.5 Dodging
 - Level 1.0 Spellcasting
 - Level 2.6 Hexes


You had 4 spell levels left.
You knew the following spells:

 Your Spells              Type           Power      Damage    Failure   Level
a - Slow                  Hex            28%        N/A       21%         1

Your spell library contained the following spells:

 Spells                   Type           Power      Damage    Failure   Level
 Inner Flame              Hex/Fire       4%         N/A       71%         3
 Portal Projectile        Hex/Tloc       8%         N/A       71%         3
 Cause Fear               Hex            3%         N/A       90%         4

Inventory:

Hand Weapons
 Y - a +1 sling (weapon)
Armour
 b - a +0 ring mail (worn)
 c - a +0 cloak
 h - a +2 robe of willpower
Scrolls
 e - a scroll of enchant armour
 f - a scroll of brand weapon {unknown}
 i - a scroll of amnesia {unknown}
 m - a scroll of identify
Potions
 a - a potion of cancellation
 d - a potion of lignification {unknown}
 g - a potion of resistance {unknown}
 l - a potion of curing {unknown}

Dungeon Overview and Level Annotations

Branches:
Dungeon (3/15)

Altars:
Fedhas

Annotations:
D:3 Robin


Message History

The goblins go into a battle-frenzy!
The goblin hits you but does no damage.
You shoot a sling bullet.
The sling bullet closely misses the hobgoblin.
The sling bullet hits the goblin but does no damage.
Robin throws the goblin at you! The hobgoblin closely misses you.
The goblin closely misses you. The goblin hits you but does no damage.
The goblin misses you. The goblin closely misses you.
The hobgoblin hits you but does no damage.
You shoot a sling bullet.
The sling bullet closely misses the hobgoblin.
The hobgoblin hits you but does no damage.
The goblin closely misses you.
The goblin hits you with a +2 dagger of protection.
The goblin closely misses you. The hobgoblin hits you.
The goblin barely misses you.
You shoot a sling bullet. The sling bullet hits the hobgoblin!
You kill the hobgoblin!
The goblin hits you but does no damage.
The goblin hits you with a +2 dagger of protection.
The hobgoblin barely misses you. The goblin hits you with a +0 dagger.
The goblin hits you but does no damage.
You shoot a sling bullet.
The sling bullet closely misses the goblin.
The sling bullet hits the goblin!
You kill the goblin!
The goblin barely misses you. The goblin hits you but does no damage.
The goblin hits you with a +0 dagger.
The goblin hits you with a +1 dagger of draining.
The goblin hits you but does no damage. Robin throws the goblin at you!
The goblin hits you but does no damage. The goblin misses you.
The goblin barely misses you.
The hobgoblin hits you but does no damage.
The goblin barely misses you. The goblin hits you with a +0 dagger.
You shoot a sling bullet.
The sling bullet closely misses the goblin.
The goblin hits you but does no damage.
The goblin hits you with a +2 dagger of protection.
The goblin hits you with a +0 dagger.
You die...

#.#.........).
#.##............... ##
#.#................ .###
#.#................ ...#
#.#................ ##.#
#.#........<....)..
.#.###!...........).....
.#....)........ggg......
.####..........g@g......
............##.ggg..#...
.[....####...###.####
#.....# #...###.#
......## ##......#
.......#####.....#
~~.....##........#
~~~~.......#.....#
~~~~~..###.#..>..###


You could see Robin, a hobgoblin (strong) and 6 goblins.

Vanquished Creatures
  Jessica (D:3)
  4 adders (D:2)
  A dart slug (D:1)
  A ball python (D:1)
  5 bats
  An endoplasm (D:1)
  A giant cockroach (D:2)
  5 goblins
  8 hobgoblins
  4 jackals (D:1)
  3 kobolds
  A quokka (D:2)
  4 rats (D:1)
39 creatures vanquished.

Notes
Turn   | Place    | Note
-------+----------+-------------------------------------------
     0 | D:1      | qw the Gargoyle Hexslinger began the quest for the Orb.
     0 | D:1      | Reached XP level 1. HP: 12/12 MP: 2/2
     0 | D:1      | 0 ||| qw: Version: 0.3-a-52-g30416fa
     0 | D:1      | 0 ||| qw: Game counter: 4670
     0 | D:1      | 0 ||| qw: Melee chars always use a shield: true
     0 | D:1      | 0 ||| qw: God list: Okawaru
     0 | D:1      | 0 ||| qw: Allow faded altars: false
     0 | D:1      | 0 ||| qw: Do Orc after clearing Dungeon:15 true
     0 | D:1      | 0 ||| qw: Do second Lair branch before Depths: true
     0 | D:1      | 0 ||| qw: Lair rune preference: random
     0 | D:1      | 0 ||| qw: Goals: Normal
     0 | D:1      | 0 ||| PLANNING D:1-11
   343 | D:1      | Reached XP level 2. HP: 11/16 MP: 3/3
   478 | D:1      | Reached skill level 3 in Ranged Weapons
   738 | D:1      | 738 ||| READING scroll labelled IVOLIMN MEAZOP.
   752 | D:1      | Reached XP level 3. HP: 21/21 MP: 4/4
   868 | D:1      | 868 ||| DRINKING 2 brown potions.
   869 | D:1      | 869 ||| DROPPING scroll of poison.
   870 | D:1      | 870 ||| DROPPING potion of invisibility.
  1222 | D:2      | Reached XP level 4. HP: 24/26 MP: 5/5
  1382 | D:2      | 1382 ||| UPGRADING to +0 ring mail.
  1392 | D:2      | 1392 ||| DROPPING +0 robe.
  1393 | D:2      | 1393 ||| READING 2 scrolls labelled UFADESTR DIONU.
  1394 | D:2      | 1394 ||| READING scroll labelled NOMIPU UNAKENT.
  1395 | D:2      | 1395 ||| READING scroll labelled MUJESCH NULOGI.
  1396 | D:2      | 1396 ||| READING scroll labelled ADUW CUPIHIKK.
  1397 | D:2      | 1397 ||| READING scroll labelled WOCWEF NIRESK.
  1398 | D:2      | 1398 ||| READING scroll labelled BITSIDA YXITE.
  1403 | D:2      | 1403 ||| DRINKING 2 sedimented emerald potions.
  1437 | D:3      | 1437 ||| STAIRDANCE
  1442 | D:2      | Reached skill level 4 in Ranged Weapons
  1532 | D:3      | Found a blossoming altar of Fedhas.
  1598 | D:3      | Noticed Jessica
  1603 | D:3      | Killed Jessica
  1604 | D:3      | Reached skill level 1 in Armour
  1671 | D:3      | Noticed Robin
  1677 | D:3      | HP: 6/26 [goblin/+0 dagger[Robin] (5)]
  1678 | D:3      | Slain by a goblin

Levels and vault maps discovered:
D:1:      dpeg_arrival_subterranean_lakeside_camping, layout_basic, hex_tiny,
          minmay_gold_behind_fungi, chequers_serial_rivers_room_b
D:2:      layout_rooms
D:3:      layout_rooms, fedhas_ov_isle_minmay, minivault_11, uniq_jessica,
          uniq_robin

Skill      XL: |  1  2  3  4 |
---------------+-------------+-----
Ranged Weapons | 3 4 |  4.1
Fighting       | 2 |  2.0
Armour         | 1 |  1.6
Dodging        | |  1.5
Spellcasting   | |  1.0
Hexes          | |  2.6

Action                     |  1- 3 |  4- 6 || total
---------------------------+-------+-------++-------
   Fire: Sling             |   117 |    30 ||   147
    Use: Scroll            |     1 |     6 ||     7
         Potion            |     1 |     1 ||     2
 Armour: Robe              |    21 |     1 ||    22
         Ring mail         |       |    19 ||    19
  Dodge: Dodged            |    41 |    19 ||    60

Table legend:
 A = Non-vault XP
 B = Vault XP
 C = Vault XP percentage of total XP
 D = Non-vault monster count
 E = Vault monster count
 F = Vault count percentage of total count
                 A         B        C        D         E       F
            +---------+---------+-------+---------+---------+-------
      Total |      98 |      50 |  33.8 |      29 |      10 |  25.6
            +---------+---------+-------+---------+---------+-------
        D:1 |      28 |       8 |  22.2 |      14 |       6 |  30.0
        D:2 |      67 |       0 |   0.0 |      13 |       0 |   0.0
        D:3 |       3 |      42 |  93.3 |       2 |       4 |  66.7
            +---------+---------+-------+---------+---------+-------
